%YAML 1.1
%TAG !u! tag:unity3d.com,2011:
--- !u!1 &5999291284675098449
GameObject:
  m_ObjectHideFlags: 0
  m_CorrespondingSourceObject: {fileID: 0}
  m_PrefabInstance: {fileID: 0}
  m_PrefabAsset: {fileID: 0}
  serializedVersion: 6
  m_Component:
  - component: {fileID: 261211960442507788}
  - component: {fileID: 4342535865988693242}
  - component: {fileID: 5121351062262073716}
  m_Layer: 0
  m_Name: EffectText
  m_TagString: Untagged
  m_Icon: {fileID: 0}
  m_NavMeshLayer: 0
  m_StaticEditorFlags: 0
  m_IsActive: 1
--- !u!224 &261211960442507788
RectTransform:
  m_ObjectHideFlags: 0
  m_CorrespondingSourceObject: {fileID: 0}
  m_PrefabInstance: {fileID: 0}
  m_PrefabAsset: {fileID: 0}
  m_GameObject: {fileID: 5999291284675098449}
  m_LocalRotation: {x: -0, y: -0, z: -0, w: 1}
  m_LocalPosition: {x: 0, y: 0, z: 0}
  m_LocalScale: {x: 1, y: 1, z: 1}
  m_ConstrainProportionsScale: 0
  m_Children: []
  m_Father: {fileID: 4565244646191573958}
  m_RootOrder: 2
  m_LocalEulerAnglesHint: {x: 0, y: 0, z: 0}
  m_AnchorMin: {x: 0, y: 0}
  m_AnchorMax: {x: 0, y: 0}
  m_AnchoredPosition: {x: 0, y: 0}
  m_SizeDelta: {x: 0, y: 0}
  m_Pivot: {x: 0.5, y: 0.5}
--- !u!222 &4342535865988693242
CanvasRenderer:
  m_ObjectHideFlags: 0
  m_CorrespondingSourceObject: {fileID: 0}
  m_PrefabInstance: {fileID: 0}
  m_PrefabAsset: {fileID: 0}
  m_GameObject: {fileID: 5999291284675098449}
  m_CullTransparentMesh: 1
--- !u!114 &5121351062262073716
MonoBehaviour:
  m_ObjectHideFlags: 0
  m_CorrespondingSourceObject: {fileID: 0}
  m_PrefabInstance: {fileID: 0}
  m_PrefabAsset: {fileID: 0}
  m_GameObject: {fileID: 5999291284675098449}
  m_Enabled: 1
  m_EditorHideFlags: 0
  m_Script: {fileID: 11500000, guid: f4688fdb7df04437aeb418b961361dc5, type: 3}
  m_Name: 
  m_EditorClassIdentifier: 
  m_Material: {fileID: 0}
  m_Color: {r: 1, g: 1, b: 1, a: 1}
  m_RaycastTarget: 0
  m_RaycastPadding: {x: 0, y: 0, z: 0, w: 0}
  m_Maskable: 1
  m_OnCullStateChanged:
    m_PersistentCalls:
      m_Calls: []
  m_text: EFFECT NAME
  m_isRightToLeft: 0
  m_fontAsset: {fileID: 11400000, guid: 3429ad50183211542b724a6444ad3d03, type: 2}
  m_sharedMaterial: {fileID: 2100000, guid: a16638f8f7352064ca53e09969ecc340, type: 2}
  m_fontSharedMaterials: []
  m_fontMaterial: {fileID: 0}
  m_fontMaterials: []
  m_fontColor32:
    serializedVersion: 2
    rgba: 4294967295
  m_fontColor: {r: 1, g: 1, b: 1, a: 1}
  m_enableVertexGradient: 0
  m_colorMode: 3
  m_fontColorGradient:
    topLeft: {r: 1, g: 1, b: 1, a: 1}
    topRight: {r: 1, g: 1, b: 1, a: 1}
    bottomLeft: {r: 1, g: 1, b: 1, a: 1}
    bottomRight: {r: 1, g: 1, b: 1, a: 1}
  m_fontColorGradientPreset: {fileID: 0}
  m_spriteAsset: {fileID: 0}
  m_tintAllSprites: 0
  m_StyleSheet: {fileID: 0}
  m_TextStyleHashCode: -1183493901
  m_overrideHtmlColors: 0
  m_faceColor:
    serializedVersion: 2
    rgba: 4294967295
  m_fontSize: 40
  m_fontSizeBase: 40
  m_fontWeight: 400
  m_enableAutoSizing: 0
  m_fontSizeMin: 15
  m_fontSizeMax: 60
  m_fontStyle: 0
  m_HorizontalAlignment: 1
  m_VerticalAlignment: 512
  m_textAlignment: 65535
  m_characterSpacing: 0
  m_wordSpacing: 0
  m_lineSpacing: 0
  m_lineSpacingMax: 0
  m_paragraphSpacing: 0
  m_charWidthMaxAdj: 0
  m_enableWordWrapping: 1
  m_wordWrappingRatios: 0.4
  m_overflowMode: 0
  m_linkedTextComponent: {fileID: 0}
  parentLinkedComponent: {fileID: 0}
  m_enableKerning: 1
  m_enableExtraPadding: 0
  checkPaddingRequired: 0
  m_isRichText: 1
  m_parseCtrlCharacters: 1
  m_isOrthographic: 1
  m_isCullingEnabled: 0
  m_horizontalMapping: 0
  m_verticalMapping: 0
  m_uvLineOffset: 0
  m_geometrySortingOrder: 0
  m_IsTextObjectScaleStatic: 0
  m_VertexBufferAutoSizeReduction: 0
  m_useMaxVisibleDescender: 1
  m_pageToDisplay: 1
  m_margin: {x: 0, y: 0, z: 0, w: 0}
  m_isUsingLegacyAnimationComponent: 0
  m_isVolumetricText: 0
  m_hasFontAssetChanged: 0
  m_baseMaterial: {fileID: 0}
  m_maskOffset: {x: 0, y: 0, z: 0, w: 0}
--- !u!1001 &7659453635246349602
PrefabInstance:
  m_ObjectHideFlags: 0
  serializedVersion: 2
  m_Modification:
    m_TransformParent: {fileID: 0}
    m_Modifications:
    - target: {fileID: 948781009469016218, guid: 8b7e3ab7c0415487bac0ef30a6141642, type: 3}
      propertyPath: m_PreferredWidth
      value: 44
      objectReference: {fileID: 0}
    - target: {fileID: 948781009469016218, guid: 8b7e3ab7c0415487bac0ef30a6141642, type: 3}
      propertyPath: m_PreferredHeight
      value: 51
      objectReference: {fileID: 0}
    - target: {fileID: 2197840482707385659, guid: 8b7e3ab7c0415487bac0ef30a6141642, type: 3}
      propertyPath: m_text
      value: +
      objectReference: {fileID: 0}
    - target: {fileID: 2197840482707385659, guid: 8b7e3ab7c0415487bac0ef30a6141642, type: 3}
      propertyPath: m_fontColor.b
      value: 0.0990566
      objectReference: {fileID: 0}
    - target: {fileID: 2197840482707385659, guid: 8b7e3ab7c0415487bac0ef30a6141642, type: 3}
      propertyPath: m_fontColor.g
      value: 1
      objectReference: {fileID: 0}
    - target: {fileID: 2197840482707385659, guid: 8b7e3ab7c0415487bac0ef30a6141642, type: 3}
      propertyPath: m_fontColor.r
      value: 0.18051046
      objectReference: {fileID: 0}
    - target: {fileID: 2197840482707385659, guid: 8b7e3ab7c0415487bac0ef30a6141642, type: 3}
      propertyPath: m_fontColor32.rgba
      value: 4279893806
      objectReference: {fileID: 0}
    - target: {fileID: 2904663987788851590, guid: 8b7e3ab7c0415487bac0ef30a6141642, type: 3}
      propertyPath: m_RootOrder
      value: 3
      objectReference: {fileID: 0}
    - target: {fileID: 2904663987788851590, guid: 8b7e3ab7c0415487bac0ef30a6141642, type: 3}
      propertyPath: m_AnchorMax.y
      value: 1
      objectReference: {fileID: 0}
    - target: {fileID: 2904663987788851590, guid: 8b7e3ab7c0415487bac0ef30a6141642, type: 3}
      propertyPath: m_AnchorMin.y
      value: 1
      objectReference: {fileID: 0}
    - target: {fileID: 2904663987788851590, guid: 8b7e3ab7c0415487bac0ef30a6141642, type: 3}
      propertyPath: m_SizeDelta.x
      value: 0.3
      objectReference: {fileID: 0}
    - target: {fileID: 2904663987788851590, guid: 8b7e3ab7c0415487bac0ef30a6141642, type: 3}
      propertyPath: m_SizeDelta.y
      value: 0.45
      objectReference: {fileID: 0}
    - target: {fileID: 2904663987788851590, guid: 8b7e3ab7c0415487bac0ef30a6141642, type: 3}
      propertyPath: m_AnchoredPosition.x
      value: 0.2699585
      objectReference: {fileID: 0}
    - target: {fileID: 2904663987788851590, guid: 8b7e3ab7c0415487bac0ef30a6141642, type: 3}
      propertyPath: m_AnchoredPosition.y
      value: -0.22500038
      objectReference: {fileID: 0}
    - target: {fileID: 4133869307333062083, guid: 8b7e3ab7c0415487bac0ef30a6141642, type: 3}
      propertyPath: m_AnchorMax.y
      value: 0
      objectReference: {fileID: 0}
    - target: {fileID: 4133869307333062083, guid: 8b7e3ab7c0415487bac0ef30a6141642, type: 3}
      propertyPath: m_AnchorMin.y
      value: 0
      objectReference: {fileID: 0}
    - target: {fileID: 4133869307333062083, guid: 8b7e3ab7c0415487bac0ef30a6141642, type: 3}
      propertyPath: m_SizeDelta.x
      value: 0
      objectReference: {fileID: 0}
    - target: {fileID: 4133869307333062083, guid: 8b7e3ab7c0415487bac0ef30a6141642, type: 3}
      propertyPath: m_SizeDelta.y
      value: 0
      objectReference: {fileID: 0}
    - target: {fileID: 4133869307333062083, guid: 8b7e3ab7c0415487bac0ef30a6141642, type: 3}
      propertyPath: m_AnchoredPosition.x
      value: 0
      objectReference: {fileID: 0}
    - target: {fileID: 4133869307333062083, guid: 8b7e3ab7c0415487bac0ef30a6141642, type: 3}
      propertyPath: m_AnchoredPosition.y
      value: 0
      objectReference: {fileID: 0}
    - target: {fileID: 4171641678997406455, guid: 8b7e3ab7c0415487bac0ef30a6141642, type: 3}
      propertyPath: m_IsActive
      value: 0
      objectReference: {fileID: 0}
    - target: {fileID: 4765135182420249896, guid: 8b7e3ab7c0415487bac0ef30a6141642, type: 3}
      propertyPath: m_fontColor.b
      value: 0.0990566
      objectReference: {fileID: 0}
    - target: {fileID: 4765135182420249896, guid: 8b7e3ab7c0415487bac0ef30a6141642, type: 3}
      propertyPath: m_fontColor.g
      value: 1
      objectReference: {fileID: 0}
    - target: {fileID: 4765135182420249896, guid: 8b7e3ab7c0415487bac0ef30a6141642, type: 3}
      propertyPath: m_fontColor.r
      value: 0.18051046
      objectReference: {fileID: 0}
    - target: {fileID: 4765135182420249896, guid: 8b7e3ab7c0415487bac0ef30a6141642, type: 3}
      propertyPath: m_fontColor32.rgba
      value: 4279893806
      objectReference: {fileID: 0}
    - target: {fileID: 5100649043046063059, guid: 8b7e3ab7c0415487bac0ef30a6141642, type: 3}
      propertyPath: m_Pivot.x
      value: 0.5
      objectReference: {fileID: 0}
    - target: {fileID: 5100649043046063059, guid: 8b7e3ab7c0415487bac0ef30a6141642, type: 3}
      propertyPath: m_Pivot.y
      value: 0.5
      objectReference: {fileID: 0}
    - target: {fileID: 5100649043046063059, guid: 8b7e3ab7c0415487bac0ef30a6141642, type: 3}
      propertyPath: m_RootOrder
      value: 0
      objectReference: {fileID: 0}
    - target: {fileID: 5100649043046063059, guid: 8b7e3ab7c0415487bac0ef30a6141642, type: 3}
      propertyPath: m_AnchorMax.x
      value: 0.5
      objectReference: {fileID: 0}
    - target: {fileID: 5100649043046063059, guid: 8b7e3ab7c0415487bac0ef30a6141642, type: 3}
      propertyPath: m_AnchorMax.y
      value: 0.5
      objectReference: {fileID: 0}
    - target: {fileID: 5100649043046063059, guid: 8b7e3ab7c0415487bac0ef30a6141642, type: 3}
      propertyPath: m_AnchorMin.x
      value: 0.5
      objectReference: {fileID: 0}
    - target: {fileID: 5100649043046063059, guid: 8b7e3ab7c0415487bac0ef30a6141642, type: 3}
      propertyPath: m_AnchorMin.y
      value: 0.5
      objectReference: {fileID: 0}
    - target: {fileID: 5100649043046063059, guid: 8b7e3ab7c0415487bac0ef30a6141642, type: 3}
      propertyPath: m_SizeDelta.x
      value: 0
      objectReference: {fileID: 0}
    - target: {fileID: 5100649043046063059, guid: 8b7e3ab7c0415487bac0ef30a6141642, type: 3}
      propertyPath: m_SizeDelta.y
      value: 0
      objectReference: {fileID: 0}
    - target: {fileID: 5100649043046063059, guid: 8b7e3ab7c0415487bac0ef30a6141642, type: 3}
      propertyPath: m_LocalPosition.x
      value: 0
      objectReference: {fileID: 0}
    - target: {fileID: 5100649043046063059, guid: 8b7e3ab7c0415487bac0ef30a6141642, type: 3}
      propertyPath: m_LocalPosition.y
      value: 0
      objectReference: {fileID: 0}
    - target: {fileID: 5100649043046063059, guid: 8b7e3ab7c0415487bac0ef30a6141642, type: 3}
      propertyPath: m_LocalPosition.z
      value: 0
      objectReference: {fileID: 0}
    - target: {fileID: 5100649043046063059, guid: 8b7e3ab7c0415487bac0ef30a6141642, type: 3}
      propertyPath: m_LocalRotation.w
      value: 1
      objectReference: {fileID: 0}
    - target: {fileID: 5100649043046063059, guid: 8b7e3ab7c0415487bac0ef30a6141642, type: 3}
      propertyPath: m_LocalRotation.x
      value: 0
      objectReference: {fileID: 0}
    - target: {fileID: 5100649043046063059, guid: 8b7e3ab7c0415487bac0ef30a6141642, type: 3}
      propertyPath: m_LocalRotation.y
      value: 0
      objectReference: {fileID: 0}
    - target: {fileID: 5100649043046063059, guid: 8b7e3ab7c0415487bac0ef30a6141642, type: 3}
      propertyPath: m_LocalRotation.z
      value: 0
      objectReference: {fileID: 0}
    - target: {fileID: 5100649043046063059, guid: 8b7e3ab7c0415487bac0ef30a6141642, type: 3}
      propertyPath: m_AnchoredPosition.x
      value: 0
      objectReference: {fileID: 0}
    - target: {fileID: 5100649043046063059, guid: 8b7e3ab7c0415487bac0ef30a6141642, type: 3}
      propertyPath: m_AnchoredPosition.y
      value: 0
      objectReference: {fileID: 0}
    - target: {fileID: 5100649043046063059, guid: 8b7e3ab7c0415487bac0ef30a6141642, type: 3}
      propertyPath: m_LocalEulerAnglesHint.x
      value: 0
      objectReference: {fileID: 0}
    - target: {fileID: 5100649043046063059, guid: 8b7e3ab7c0415487bac0ef30a6141642, type: 3}
      propertyPath: m_LocalEulerAnglesHint.y
      value: 0
      objectReference: {fileID: 0}
    - target: {fileID: 5100649043046063059, guid: 8b7e3ab7c0415487bac0ef30a6141642, type: 3}
      propertyPath: m_LocalEulerAnglesHint.z
      value: 0
      objectReference: {fileID: 0}
    - target: {fileID: 6129638436470945508, guid: 8b7e3ab7c0415487bac0ef30a6141642, type: 3}
      propertyPath: m_SizeDelta.x
      value: 0
      objectReference: {fileID: 0}
    - target: {fileID: 6129638436470945508, guid: 8b7e3ab7c0415487bac0ef30a6141642, type: 3}
      propertyPath: m_SizeDelta.y
      value: 0
      objectReference: {fileID: 0}
    - target: {fileID: 6241125355738072890, guid: 8b7e3ab7c0415487bac0ef30a6141642, type: 3}
      propertyPath: m_AnchorMax.y
      value: 1
      objectReference: {fileID: 0}
    - target: {fileID: 6241125355738072890, guid: 8b7e3ab7c0415487bac0ef30a6141642, type: 3}
      propertyPath: m_AnchorMin.y
      value: 1
      objectReference: {fileID: 0}
    - target: {fileID: 6241125355738072890, guid: 8b7e3ab7c0415487bac0ef30a6141642, type: 3}
      propertyPath: m_SizeDelta.x
      value: 0.12
      objectReference: {fileID: 0}
    - target: {fileID: 6241125355738072890, guid: 8b7e3ab7c0415487bac0ef30a6141642, type: 3}
      propertyPath: m_SizeDelta.y
      value: 0.45
      objectReference: {fileID: 0}
    - target: {fileID: 6241125355738072890, guid: 8b7e3ab7c0415487bac0ef30a6141642, type: 3}
      propertyPath: m_AnchoredPosition.x
      value: 0.05999756
      objectReference: {fileID: 0}
    - target: {fileID: 6241125355738072890, guid: 8b7e3ab7c0415487bac0ef30a6141642, type: 3}
      propertyPath: m_AnchoredPosition.y
      value: -0.22500038
      objectReference: {fileID: 0}
    - target: {fileID: 7928973356861308875, guid: 8b7e3ab7c0415487bac0ef30a6141642, type: 3}
      propertyPath: m_Name
      value: UI_VFX_Health_Item_Effect
      objectReference: {fileID: 0}
    - target: {fileID: 8467523870661837446, guid: 8b7e3ab7c0415487bac0ef30a6141642, type: 3}
      propertyPath: m_IsActive
      value: 0
      objectReference: {fileID: 0}
    m_RemovedComponents:
    - {fileID: 191886689537349142, guid: 8b7e3ab7c0415487bac0ef30a6141642, type: 3}
  m_SourcePrefab: {fileID: 100100000, guid: 8b7e3ab7c0415487bac0ef30a6141642, type: 3}
--- !u!1 &306956424421827305 stripped
GameObject:
  m_CorrespondingSourceObject: {fileID: 7928973356861308875, guid: 8b7e3ab7c0415487bac0ef30a6141642, type: 3}
  m_PrefabInstance: {fileID: 7659453635246349602}
  m_PrefabAsset: {fileID: 0}
--- !u!114 &4153923318817667492
MonoBehaviour:
  m_ObjectHideFlags: 0
  m_CorrespondingSourceObject: {fileID: 0}
  m_PrefabInstance: {fileID: 0}
  m_PrefabAsset: {fileID: 0}
  m_GameObject: {fileID: 306956424421827305}
  m_Enabled: 1
  m_EditorHideFlags: 0
  m_Script: {fileID: 11500000, guid: f3c4d2f90f772fd40b4fdd9f74c82a46, type: 3}
  m_Name: 
  m_EditorClassIdentifier: 
  _animation: {fileID: 611969855310104143}
  Text: {fileID: 5121351062262073716}
  RedGlowMaterial: {fileID: 2100000, guid: 73cfd5c9ebde2b4479dac68c9412ad83, type: 2}
  BlueGlowMaterial: {fileID: 2100000, guid: a16638f8f7352064ca53e09969ecc340, type: 2}
--- !u!114 &611969855310104143 stripped
MonoBehaviour:
  m_CorrespondingSourceObject: {fileID: 7076842939454806893, guid: 8b7e3ab7c0415487bac0ef30a6141642, type: 3}
  m_PrefabInstance: {fileID: 7659453635246349602}
  m_PrefabAsset: {fileID: 0}
  m_GameObject: {fileID: 306956424421827305}
  m_Enabled: 1
  m_EditorHideFlags: 0
  m_Script: {fileID: 11500000, guid: 3f9b71e905c740de808585ad9fb229d2, type: 3}
  m_Name: 
  m_EditorClassIdentifier: 
--- !u!224 &4565244646191573958 stripped
RectTransform:
  m_CorrespondingSourceObject: {fileID: 6129638436470945508, guid: 8b7e3ab7c0415487bac0ef30a6141642, type: 3}
  m_PrefabInstance: {fileID: 7659453635246349602}
  m_PrefabAsset: {fileID: 0}
